 Dungeon Crawl Stone Soup version 0.31-a0-1005-gfbdfbacc72 (webtiles) character file.

Game seed: 1821657954266359057

9 protoss039 the Digger (level 2, 19/19 HPs)
             Began as a Demonspawn Earth Elementalist on Nov 11, 2023.
             Got out of the dungeon alive.
             The game lasted 00:00:37 (276 turns).

protoss039 the Digger (DsEE)                         Turns: 276, Time: 00:00:38

Health: 19/19      AC:  2    Str:  8    XL:     2   Next: 3%
Magic:  4/5        EV: 12    Int: 16    God:
Gold:   0          SH:  4    Dex: 13    Spells: 4/5 levels left

rFire   . . .        e - +0 dagger
rCold   . . .        (no shield)
rNeg    . . .        a - +0 robe
rPois   .            (no helmet)
rElec   .            (no cloak)
rCorr   .            (no gloves)
SInv    .            (no boots)
Will    .....        (no amulet)
Stlth   ++           (no ring)
HPRegen 0.23/turn    (no ring)
MPRegen 0.09/turn

%: no passive effects
@: no status effects
A: condensation shield
a: no special abilities


You escaped.
You visited 1 branch of the dungeon, and saw 1 of its levels.

Inventory:

Hand Weapons
 e - a +0 dagger (weapon)
Armour
 a - a +0 robe (worn)
 f - an orb of energy
Jewellery
 c - a ring of ice
Scrolls
 d - a scroll of fog {unknown}
Potions
 b - a potion of magic


   Skills:
 + Level 2.0 Dodging
 + Level 2.0 Stealth
 + Level 2.1 Spellcasting
 + Level 1.1 Transmutations
 + Level 2.8 Earth Magic


You had 4 spell levels left.
You knew the following spells:

 Your Spells              Type           Power      Damage    Failure   Level
a - Sandblast             Erth           20%        2d7       6%          1

Your spell library contained the following spells:

 Spells                   Type           Power      Damage    Failure   Level
 Passwall                 Tmut/Erth      6%         N/A       14%         2
 Stone Arrow              Conj/Erth      12%        3d7       34%         3
 Petrify                  Tmut/Erth      8%         N/A       65%         4
 Brom's Barrelling Bould  Conj/Erth      6%         2d3       75%         4


Dungeon Overview and Level Annotations

Branches:
Dungeon (1/15) Zot: 5720

Altars:

Annotations:
D:1 1 transporter


Innate Abilities, Weirdness & Mutations

A meltable shield of frost defends you. (SH +4)


Message History

Aim: a kobold, wielding a +0 dagger (77% to hit)
The blast of sand hits the kobold!
You kill the kobold!
Unknown command.
A ball python comes into view.
You see here a +0 dagger.
e - a +0 dagger The ball python hisses angrily.
Casting: Sandblast (safe; 7% risk of failure)
Confirm with . or Enter, or press ? or * to list all spells.
Aiming: Sandblast (safe; 7% risk of failure)
Press: ? - help, Shift-Dir - straight line, f - ball python
Aim: a ball python (80% to hit)
The blast of sand hits the ball python.
You kill the ball python!
Unknown command.
You see here an orb of energy.
f - an orb of energy
e - a +0 dagger (weapon)
Unknown command.
There is a stone staircase leading down here.
A goblin comes into view. It is wielding a +0 dagger.
A goblin is nearby!
A goblin is nearby!
A goblin is nearby!
The goblin shouts!
Casting: Sandblast (safe; 6% risk of failure)
Confirm with . or Enter, or press ? or * to list all spells.
Aiming: Sandblast (safe; 6% risk of failure)
Press: ? - help, Shift-Dir - straight line, f - goblin
Aim: a goblin, wielding a +0 dagger (77% to hit)
The blast of sand hits the goblin.
You kill the goblin!
Your Dodging skill increases to level 2!
Your Stealth skill increases to level 2!
You have reached level 2!
Your demonic ancestry asserts itself...
Frost condenses into a shield before you.
There is a staircase leading out of the dungeon here.
You have escaped!

##.#.............##
#.######........#
##.######........#
#..#.....######.####
.......>.## #....##
#.....#...######.#..#
...#..#......#.#.##.#
#.##.........##.#.#.#
#.##.........###@#..#
.............##©#.###
.........#########.#
##.#.##...##########
.............##©.
##...#....)..##.
#.###.......##. #.
#........#. #
...##...##


There were no monsters in sight!

Vanquished Creatures
  A ball python (D:1)
  A giant cockroach (D:1)
  A goblin (D:1)
  A hobgoblin (D:1)
  A kobold (D:1)
  2 bats (D:1)
  A rat (D:1)
8 creatures vanquished.

Notes
Turn   | Place    | Note
-------+----------+-------------------------------------------
     0 | D:1      | protoss039 the Demonspawn Earth Elementalist began the
                  | quest for the Orb.
     0 | D:1      | Reached XP level 1. HP: 13/13 MP: 3/3
    46 | D:1      | Reached skill level 1 in Transmutations
   256 | D:1      | Gained mutation: A meltable shield of frost defends you.
                  | (SH +4) [demonic ancestry]
   256 | D:1      | Reached XP level 2. HP: 19/19 MP: 3/5
   276 | D:$      | Got out of the dungeon alive.

Illustrated notes

Levels and vault maps discovered:
D:1:      spicycebolla_arrival_risky_transporter, layout_basic

Skill      XL: |  1 |
---------------+----+-----
Transmutations | 1 |  1.1
Dodging        | 2 |  2.0
Stealth        | 2 |  2.0
Spellcasting   | |  2.1
Earth Magic    | |  2.8

Action                     || total
---------------------------++-------
   Cast: Sandblast         ||     9
 Armour: Robe              ||     1
  Dodge: Dodged            ||     1

Table legend: (Time is in decaauts)
 A = Elapsed time spent in this place.
 B = Non-inter-level travel time spent in this place.
 C = Inter-level travel time spent in this place.
 D = Time resting spent in this place.
 E = Time spent auto-exploring this place.
 F = Levels seen in this place.
 G = Mean time per level.
                   A        B        C        D        E       F      G
               +--------+--------+--------+--------+--------+-----+--------+
         Total |    280 |    261 |     19 |      0 |    208 |   1 |  280.0 |
       Dungeon |    280 |    261 |     19 |      0 |    208 |   1 |  280.0 |
               +--------+--------+--------+--------+--------+-----+--------+

Top non-repeatable levels by time:
     D:1: 280 daAuts
